 Dungeon Crawl Stone Soup version 0.20.1-1-g8b1a95d (webtiles) character file.

752 tidbits the Skirmisher (level 7, 0/62 HPs)
             Began as a Demigod Wanderer on Aug 23, 2017.
             Slain by a wraith (13 damage)
             ... in an ossuary.
             The game lasted 00:16:36 (1856 turns).

tidbits the Skirmisher (Demigod Wanderer)           Turns: 1856, Time: 00:16:37

Health: 0/62       AC:  5    Str: 15    XL:     7   Next: 24%
Magic:  10/10      EV: 13    Int: 22    God:
Gold:   226        SH:  2    Dex: 18    Spells: 6/6 levels left

rFire    . . .     SeeInvis .   a - +0 quarterstaff
rCold    . . .     Gourm    .   (shield currently unavailable)
rNeg     . . .     Faith    .   B - +0 ring mail
rPois    .         Spirit   .   (helmet restricted)
rElec    .         Reflect  +   (no cloak)
rCorr    .         Harm     .   (no gloves)
MR       .....     Rnd*Rage +   (no boots)
Stlth    ++........             g - +2 amulet of reflection
Regen    0.2/turn               j - ring of stealth
MPRegen  0.2/turn               o - +5 ring of intelligence

@: flying, hasted and slowed
A: horns 1, berserk 1, blurry vision 2, high mp 1
a: no special abilities


You were in an ossuary.
You were not hungry.

You visited 1 branch of the dungeon, and saw 6 of its levels.
You also visited: Ossuary.

You collected 226 gold pieces.

Inventory:

Hand Weapons
 a - a +0 quarterstaff (weapon)
 b - a +1 hunting sling of freezing
   (You found it on level 5 of the Dungeon)
 c - a +0 glaive
 t - a +0 battleaxe of chopping
   (You found it on level 3 of the Dungeon)
Missiles
 h - 88 stones (quivered)
 r - 4 sling bullets
 u - 2 silver javelins
 y - 19 arrows
Armour
 d - a +0 robe
 e - a +0 leather armour
 n - a +2 leather armour of cold resistance
   (You found it on level 4 of the Dungeon)
 B - a +0 ring mail (worn)
Jewellery
 g - a +2 amulet of reflection (around neck)
   (You found it on level 3 of the Dungeon)
 j - a ring of stealth (left hand)
   (You found it on level 1 of the Dungeon)
 k - an uncursed amulet of magic regeneration
   (You found it on level 2 of the Dungeon)
 o - a +5 ring of intelligence (right hand)
   (You found it on level 2 of the Dungeon)
 x - an uncursed ring of protection from magic
   (You found it on level 4 of the Dungeon)
Wands
 F - a wand of enslavement (1/24)
Scrolls
 i - a scroll of remove curse {unknown}
 l - a scroll of noise {unknown}
 p - a scroll of immolation {unknown}
 q - a scroll of teleportation
 v - 2 scrolls of recharging {unknown}
 A - a scroll of amnesia {unknown}
 C - a scroll of enchant armour {unknown}
 D - a scroll of fear {unknown}
Potions
 m - a potion of brilliance
 w - a potion of flight
 z - 2 potions of curing
Comestibles
 f - 4 bread rations
 s - a royal jelly


   Skills:
 - Level 5.9 Fighting
   Level 1.0(1.5) Maces & Flails
 - Level 1.7(1.9) Staves
 - Level 2.6 Armour
 + Level 4.7 Dodging
 - Level 1.0 Stealth
 - Level 1.0 Evocations


You had 6 spell levels left.
You didn't know any spells.

Dungeon Overview and Level Annotations

Branches:
Dungeon (6/15)
 Temple: D:4-7

Annotations:
D:5 Dowan, Duvessa


Innate Abilities, Weirdness & Mutations

You have an increased reservoir of magic. (+10% MP)
You have a pair of small horns on your head.
You tend to lose your temper in combat.
Scrolls take you longer to read.


Message History

Firing (i - inventory. (,) - cycle):
r - 5 sling bullets (quivered)
Press: ? - help, Shift-Dir - straight line, f/p - orc skeleton
Aim: an orc skeleton (almost destroyed)
You shoot a sling bullet. The sling bullet hits the orc skeleton.
You destroy the orc skeleton!
Firing (i - inventory. (,) - cycle):
r - 4 sling bullets (quivered)
Press: ? - help, Shift-Dir - straight line, f - orc skeleton
Aim: an orc skeleton You shoot a sling bullet.
The sling bullet hits the orc skeleton!
You destroy the orc skeleton!
Firing (i - inventory. (,) - cycle):
r - 3 sling bullets (quivered)
Press: ? - help, Shift-Dir - straight line, f - you Really target yourself?
Okay, then.
r - 4 sling bullets (gained 1)
r - 7 sling bullets (gained 3)
You see here a sling bullet.
You see here a sling bullet.
You feel yourself speed up.
It was a potion of flight.
You feel very buoyant.
You fly up into the air.
It was a potion of mutation.
You feel extremely strange.
You feel a little pissed off.
Your vision blurs.
Your vision blurs.
A pair of horns grows on your head!
Press: ? - help, v - describe, . - travel
Here: a wraith The floor.
Really read with blurry vision while enemies are nearby?
Okay, then.
Firing (i - inventory. (,) - cycle):
r - 7 sling bullets (quivered)
Press: ? - help, Shift-Dir - straight line, f - wraith
Aim: a wraith You shoot a sling bullet.
The sling bullet hits the wraith but does no damage.
Firing (i - inventory. (,) - cycle):
r - 6 sling bullets (quivered)
Press: ? - help, Shift-Dir - straight line, f/p - wraith
Aim: a wraith You shoot a sling bullet.
The sling bullet hits the wraith.
The wraith is lightly damaged.
Firing (i - inventory. (,) - cycle):
r - 5 sling bullets (quivered)
Press: ? - help, Shift-Dir - straight line, f/p - wraith
Aim: a wraith (lightly damaged)
You shoot a sling bullet.
The sling bullet closely misses the wraith.
Your +1 hunting sling of freezing stops glowing.
a - a +0 quarterstaff (weapon)
You closely miss the wraith.
The wraith is lightly damaged.
The wraith closely misses you.
You thump the wraith!
The wraith is moderately damaged.
The wraith hits you! The wraith drains your vigour!
You feel yourself slow down.
You barely miss the wraith.
You headbutt the wraith, but do no damage.
The wraith is moderately damaged.
The wraith hits you but does no damage.
You sock the wraith! Your headbutt misses the wraith.
The wraith is heavily damaged.
The wraith hits you but does no damage.
You hit the wraith.
You headbutt the wraith, but do no damage.
The wraith is severely damaged.
The wraith barely misses you.
You barely miss the wraith.
The wraith is severely damaged.
The wraith hits you! The wraith drains your vigour!
You feel as though you will be slow longer.
You block the wraith's attack.
You hit the wraith.
You headbutt the wraith, but do no damage.
The wraith is severely damaged.
The wraith hits you. The wraith drains your vigour!
You feel as though you will be slow longer.
You hit the wraith but do no damage. You headbutt the wraith.
The wraith is almost destroyed.
The wraith closely misses you.
You hit the wraith.
The wraith is almost destroyed.
The wraith hits you. The wraith drains your vigour!
You feel as though you will be slow longer.
Your ring mail prevents you from hitting the wraith.
You headbutt the wraith, but do no damage.
The wraith is almost destroyed.
The wraith misses you.
You hit the wraith but do no damage.
The wraith is almost destroyed.
The wraith hits you!
* * * LOW HITPOINT WARNING * * *
The wraith hits you!
* * * LOW HITPOINT WARNING * * *
The wraith drains your vigour!
You feel as though you will be slow longer.
You hit the wraith but do no damage.
The wraith is almost destroyed.
The wraith hits you!
You die...

#.∩.. #(... ####+
#.... ##.... .. #....
##...#####..
#....##...##...##. ##
#....#...##..?!.## ..#
#....'...#..!!...'...+
#....#...##...?.##...#
#....##@W.##...##...#
#.... ##((.#####...#
#...Z .##(........# .
#Z... ..#####+#####..
#.∩.. ...............
#Z.Z. ...............
######'''######
####...####
#..'...'..#


You could see a wraith.

Vanquished Creatures
  Menkaure (D:4)
  A black bear (D:3)
  3 ice beasts
  A wight (D:5)
  A centaur zombie (D:6)
  An orc wizard (D:4)
  A bullfrog skeleton (D:5)
  A worker ant (D:4)
  A mummy (Ossuary)
  An adder (D:2)
  An adder skeleton (D:4)
  A worm (D:3)
  A dart slug (D:4)
  4 leopard geckos
  5 orcs
  2 giant cockroaches (D:2)
  5 goblins
  A hobgoblin (D:1)
  7 jackals
  2 quokkas
  A frilled lizard (D:1)
  3 gnoll skeletons (Ossuary)
  A kobold skeleton (Ossuary)
  9 orc skeletons (Ossuary)
  A quokka skeleton (D:6)
  3 rats
59 creatures vanquished.

Vanquished Creatures (collateral kills)
  A scorpion (D:4)
  An adder (D:4)
  A shadow imp (D:5)
  An ooze (D:3)
  A bat (D:3)
  A goblin (D:2)
  A jackal (D:3)
  A rat (D:2)
8 creatures vanquished.

Vanquished Creatures (others)
  An adder (D:4)
  2 orcs
3 creatures vanquished.

Grand Total: 70 creatures vanquished

Notes
Turn   | Place    | Note
-------+----------+-------------------------------------------
     0 | D:1      | tidbits the Demigod Wanderer began the quest for the Orb.
     0 | D:1      | tidbits set off with: a wand of enslavement (15/24), a +0 quarterstaff, a potion of curing, a +0 robe, a bread ration
     0 | D:1      | Reached XP level 1. HP: 16/16 MP: 3/3
   267 | D:2      | Reached skill level 2 in Fighting
   279 | D:2      | Reached XP level 2. HP: 18/24 MP: 5/5
   370 | D:2      | Found a stormy altar of Qazlal.
   502 | D:2      | Found a white marble altar of Elyvilon.
   502 | D:2      | Found an iron altar of Okawaru.
   503 | D:2      | Found a snail-covered altar of Cheibriados.
   571 | D:3      | Noticed a black bear
   589 | D:3      | Found a radiant altar of Vehumet.
   657 | D:3      | Reached XP level 3. HP: 23/30 MP: 6/6
   658 | D:3      | Killed a black bear
   658 | D:3      | Reached skill level 4 in Fighting
   658 | D:3      | Reached XP level 4. HP: 22/40 MP: 7/7
   735 | D:3      | Found a hazy altar of Hepliaklqana.
   793 | D:3      | Found a stormy altar of Qazlal.
   879 | D:4      | Reached XP level 5. HP: 29/47 MP: 8/8
   881 | D:4      | Noticed Menkaure
   890 | D:4      | Killed Menkaure
   890 | D:4      | Reached skill level 5 in Fighting
   902 | D:4      | Reached XP level 6. HP: 24/57 MP: 9/9
  1107 | D:4      | Reached skill level 2 in Dodging
  1327 | D:5      | Entered Level 5 of the Dungeon
  1447 | D:5      | Reached skill level 3 in Dodging
  1509 | D:5      | Noticed Duvessa
  1509 | D:5      | Noticed Dowan
  1590 | D:6      | Reached skill level 4 in Dodging
  1590 | D:6      | Reached XP level 7. HP: 36/62 MP: 10/10
  1673 | D:6      | Found a sand-covered staircase.
  1686 | Ossuary  | Entered an ossuary
  1686 | Ossuary  | Noticed a wraith
  1686 | Ossuary  | Noticed a wraith
  1686 | Ossuary  | Noticed a wraith
  1803 | Ossuary  | Noticed a wraith
  1840 | Ossuary  | Gained mutation: You tend to lose your temper in combat. [potion of mutation]
  1840 | Ossuary  | Gained mutation: Scrolls take you a little longer to read. [potion of mutation]
  1840 | Ossuary  | Gained mutation: Scrolls take you longer to read. [potion of mutation]
  1840 | Ossuary  | Gained mutation: You have a pair of small horns on your head. [potion of mutation]
  1856 | Ossuary  | Slain by a wraith

Skill      XL: |  1  2  3  4  5  6 |
---------------+-------------------+-----
Fighting       | 2 4 5 |  5.9
Dodging        | 4 |  4.7
Maces & Flails | |  1.0
Staves         | |  1.7
Armour         | |  2.6
Stealth        | |  1.0
Evocations     | |  1.0

Action                   |  1- 3 |  4- 6 |  7- 9 || total
-------------------------+-------+-------+-------++-------
Melee: Quarterstaff      |    60 |    98 |    33 ||   191
       Headbutt          |       |       |     5 ||     5
 Fire: Hunting sling     |       |     9 |    33 ||    42
Evoke: Wand              |     3 |    11 |       ||    14
  Use: Potion            |     2 |     3 |     3 ||     8
       Scroll            |       |     3 |       ||     3
 Stab: Sleeping          |     3 |       |       ||     3
       Distracted        |       |     1 |       ||     1
  Eat: Meat ration       |       |     1 |       ||     1
       Fruit             |       |     1 |       ||     1
       Chunk             |       |     1 |       ||     1
Armor: Robe              |     1 |       |       ||     1
       Ring mail         |    22 |    27 |     3 ||    52
Dodge: Dodged            |    51 |    62 |    19 ||   132
Block: Other             |       |     7 |     2 ||     9

Table legend:
 A = Turns spent in this place as a percentage of turns spent in the entire game.
 B = Non-inter-level travel turns spent in this place as a percentage of non-inter-level travel turns spent in the entire game.
 C = Inter-level travel turns spent in this place as a percentage of turns spent in this place.
 D = Turns resting spent in this place as a percentage of non-inter-level travel turns spent in this place.
 E = Turns spent auto-exploring this place as a percentage of non-inter-level travel turns spent in this place.
 F = Non-inter-level travel turns spent in this place divided by the number of levels of this place that you've seen.
                   A       B       C       D       E      F
               +-------+-------+-------+-------+-------+----------------------
         Total | 100.0 | 100.0 |   0.0 |   0.0 |   0.0 | 246.6
       Dungeon |  90.6 |  90.6 |   0.0 |   0.0 |   0.0 | 260.7
       Ossuary |   9.4 |   9.4 |   0.0 |   0.0 |   0.0 | 162.0
               +-------+-------+-------+-------+-------+----------------------

Table legend:
 A = Kills in this place as a percentage of kills in entire the game.
 B = Kills by you in this place as a percentage of kills by you in the entire game.
 C = Kills by friends in this place as a percentage of kills by friends in the entire game.
 D = Other kills in this place as a percentage of other kills in the entire game.
 E = Experience gained in this place as a percentage of experience gained in the entire game.
 F = Experience gained in this place divided by the number of levels of this place that you have seen.
                   A       B       C       D       E      F
               +-------+-------+-------+-------+-------+----------------------
         Total | 100.0 | 100.0 | 100.0 | 100.0 | 100.0 | 153.6
       Dungeon |  79.7 |  76.3 | 100.0 | 100.0 |  96.8 | 173.5
       Ossuary |  20.3 |  23.7 |   0.0 |   0.0 |   3.2 |  34.0
               +-------+-------+-------+-------+-------+----------------------

Vault maps used:
D:1:      minmay_arrival_diagonal_passages, minmay_strange_pillars
D:2:      nicolae_overflow_crystal_walls, gammafunk_temple_overflow_forgotten,
          minmay_misc_feat_plants
D:3:      vehumet_crystals, lemuel_coloured_pillars_altar,
          nicolae_qazlal_eye_of_the_storm
D:4:      uniq_menkaure
D:5:      basic_altar, first_bread, serial_bayou_pond_b, chei_slow_surprise,
          uniq_duvessa
D:6:      cheibrodos_helix_gallery, temple_doors_ab,
          nicolae_ossuary_entry_monument, uniq_grinder
Ossuary:  ossuary_due_mausoleum
